 Dungeon Crawl Stone Soup version 0.19.1-1-g22dce08 (webtiles) character file.

1186 Gurkenglas the Thaumaturge (level 8, -6/41 HPs)
             Began as a Deep Elf Wizard on Nov 8, 2016.
             Was a Priest of Elyvilon.
             Killed by divine providence
             ... invoked by an orc priest
              (13 damage)
             ... on level 7 of the Dungeon on Jan 2, 2017.
             The game lasted 01:54:52 (8289 turns).

Gurkenglas the Thaumaturge (Deep Elf Wizard)        Turns: 8289, Time: 01:54:52

Health: -6/41      AC:  3    Str:  7    XL:     8   Next: 19%
Magic:  4/23       EV: 13    Int: 26    God:    Elyvilon [***...]
Gold:   298        SH:  0    Dex: 13    Spells: 7 memorised, 11 levels left

rFire  . . .     SeeInvis .     R - +3 flail (protect)
rCold  . . .     Gourm    .     a - +0 robe
rNeg   . . .     Faith    .     (no shield)
rPois  .         Spirit   .     b - +0 hat
rElec  .         Reflect  .     (no cloak)
rCorr  .         Harm     .     (no gloves)
MR     +....                    s - +0 pair of boots
Stlth  ++........               (no amulet)
                                r - ring of protection from magic
                                e - +3 ring of strength

@: repel missiles
A: no striking features
a: Lesser Healing, Heal Other, Purification, Divine Protection, Renounce
Religion


You were on level 7 of the Dungeon.
You worshipped Elyvilon.
Elyvilon was most pleased with you.
You were not hungry.

You visited 2 branches of the dungeon, and saw 8 of its levels.

You collected 328 gold pieces.
You spent 30 gold pieces at shops.

Inventory:

Hand Weapons
 f - a +0 whip
 l - a +0 dagger
 n - a +0 dagger
 E - a +0 quarterstaff
 G - a +1 dagger
 R - a +3 flail of protection (weapon)
Missiles
 h - 124 stones (quivered)
 i - 41 sling bullets
 m - 51 arrows
Armour
 a - a +0 robe (worn)
 b - a +0 hat (worn)
 s - a +0 pair of boots (worn)
 C - a +0 robe
 J - a +0 leather armour
 S - a +1 chain mail of magic resistance
Jewellery
 e - a +3 ring of strength (left hand)
 r - a ring of protection from magic (right hand)
Wands
 M - a wand of acid (11/15)
 P - a wand of acid (4/15)
Scrolls
 g - 6 scrolls of remove curse
 k - 2 scrolls of amnesia {unknown}
 o - a scroll of immolation {unknown}
 p - a scroll of random uselessness {unknown}
 t - 5 scrolls of enchant weapon
 v - a scroll of fog {unknown}
 w - 3 scrolls of identify
 x - 2 scrolls of recharging
 y - 2 scrolls of enchant armour {unknown}
 D - 2 scrolls of teleportation {unknown}
 O - a scroll of noise {unknown}
Potions
 q - 2 potions of lignification {unknown}
 u - a potion of cure mutation {unknown}
 z - 2 potions of heal wounds {unknown}
 A - a potion of haste {unknown}
 F - a potion of flight {unknown}
 H - a potion of might {unknown}
 K - a potion of agility {unknown}
Books
 c - a book of Minor Magic

   Spells                             Type                      Level
   a - Magic Dart                     Conjuration                  1
   b - Blink                          Translocation                2
   c - Call Imp                       Summoning                    2
   d - Repel Missiles                 Charms/Air                   2
   e - Slow                           Hexes                        2
   f - Conjure Flame                  Conjuration/Fire             3
   g - Mephitic Cloud                 Conjuration/Poison/Air       3
 I - a book of Changes

   Spells                             Type                      Level
   a - Beastly Appendage              Transmutation                1
   b - Sticks to Snakes               Transmutation                2
   c - Spider Form                    Transmutation/Poison         3
   d - Ice Form                       Ice/Transmutation            4
   e - Blade Hands                    Transmutation                5
 N - a book of Misfortune

   Spells                             Type                      Level
   a - Confusing Touch                Hexes                        1
   b - Confuse                        Hexes                        3
   c - Gell's Gravitas                Hexes/Translocation          3
   d - Petrify                        Transmutation/Earth          4
   e - Metabolic Englaciation         Hexes/Ice                    5
   f - Yara's Violent Unravelling     Hexes/Transmutation          5
Comestibles
 d - 3 bread rations
 j - 4 slices of pizza
 B - 2 meat rations
 L - a fruit


   Skills:
 + Level 0.2 Fighting
 + Level 0.8 Short Blades
 + Level 1.0 Armour
 + Level 3.0 Dodging
 + Level 3.2 Stealth
 + Level 9.7 Spellcasting
 + Level 5.2 Conjurations
 + Level 1.2 Summonings
 + Level 2.9 Translocations
 + Level 2.2 Transmutations
 + Level 1.2 Fire Magic
 + Level 1.1 Air Magic
 + Level 0.4 Poison Magic
 + Level 0.2 Invocations


You had 11 spell levels left.
You knew the following spells:

 Your Spells              Type           Power        Failure   Level  Hunger
a - Magic Dart            Conj           ####         1%          1    None
b - Blink                 Tloc           N/A          2%          2    None
c - Mephitic Cloud        Conj/Pois/Air  ###.....     8%          3    None
d - Repel Missiles        Chrm/Air       ###...       10%         2    None
e - Conjure Flame         Conj/Fire      ####....     4%          3    None
f - Call Imp              Summ           ###.....     4%          2    None
g - Sticks to Snakes      Tmut           ###.....     2%          2    None


Dungeon Overview and Level Annotations

Branches:
Dungeon (7/15)             Temple (1/1) D:5

Altars:
Ashenzari
Cheibriados
Dithmenos
Elyvilon
Fedhas
Gozag
Hepliaklqana
Kikubaaqudgha
Makhleb
Nemelex Xobeh
Okawaru
Qazlal
Ru
Sif Muna
Trog
Uskayaw
Vehumet
Xom
Yredelemnul
Zin
The Shining One

Shops:
D:6 :%?**


Message History

Confirm with . or Enter, or press ? or * to list all spells.
Aiming: Magic Dart
Press: ? - help, Shift-Dir - straight line, f/p - orc priest
Aim: an orc priest, wearing a ring mail (almost dead)
The magic dart hits the orc priest.
The orc priest is almost dead.
The orc priest casts a cantrip, but nothing happens.
Casting: Magic Dart
Confirm with . or Enter, or press ? or * to list all spells.
You blink.
The orc priest calls down the wrath of Beogh upon you.
Beogh smites you!
* * * LOW HITPOINT WARNING * * *
You are healed.
You feel somewhat more hungry.
Casting: Blink
Confirm with . or Enter, or press ? or * to list all spells.
You blink.
The orc priest mumbles some strange prayers to Beogh against you.
Beogh smites you!
You die...

##.## #.....<.#
#.###...#####.####...#
#.............# #Z##
####...####### ...
#.....## ##
######.###.#
#......[##.# ###..##.#
..##....o@.#
#.......ยง#..#
#.###.##.#..... #.
#.#.###.# # #.#.# #
#.#.# ..#.# ###.#


You could see an orc priest.

Vanquished Creatures
  Edmund (D:6)
  A water moccasin (D:4)
  2 sky beasts
  An ice beast (D:5)
  An ogre (D:6)
  2 howler monkeys
  3 hounds
  An orc priest (D:4)
  2 bullfrog skeletons (D:5)
  A centaur skeleton (D:4)
  An iguana (D:4)
  2 worker ants
  A killer bee zombie (D:7)
  6 gnolls
  4 adders
  A shadow imp (D:6)
  5 oozes
  8 worms
  A dart slug (D:1)
  2 leopard geckos
  6 orcs
  A ball python (D:4)
  10 bats
  6 giant cockroaches
  8 goblins
  8 hobgoblins
  8 jackals
  2 quokkas
  5 frilled lizards
  A jackal zombie (D:5)
  16 kobolds
  A leopard gecko skeleton (D:4)
  A leopard gecko zombie (D:6)
  8 rats
  A spectral orc (D:6)
128 creatures vanquished.

Vanquished Creatures (collateral kills)
  A worker ant (D:4)
  2 adders (D:3)
  A dart slug (D:4)
  2 orcs
  2 jackals (D:5)
  A quokka (D:3)
  A kobold (D:3)
10 creatures vanquished.

Vanquished Creatures (others)
  A quokka (D:5)
1 creature vanquished.

Grand Total: 139 creatures vanquished

Notes
Turn   | Place    | Note
-------+----------+-------------------------------------------
     0 | D:1      | Gurkenglas the Deep Elf Wizard began the quest for the Orb.
     0 | D:1      | Reached XP level 1. HP: 10/10 MP: 7/7
   325 | D:2      | Reached skill level 5 in Spellcasting
   325 | D:2      | Reached XP level 2. HP: 14/15 MP: 2/10
   448 | D:2      | Learned a level 2 spell: Blink
   448 | D:2      | Upgraded the game from 0.19.0-11-g3fc08b3 to 0.19.1-1-g22dce08
   464 | D:2      | Reached XP level 3. HP: 19/19 MP: 9/12
   476 | D:2      | Learned a level 3 spell: Mephitic Cloud
   479 | D:2      | Learned a level 2 spell: Repel Missiles
  1387 | D:2      | Reached skill level 6 in Spellcasting
  1585 | D:2      | Found an iron altar of Okawaru.
  1671 | D:2      | Reached XP level 4. HP: 24/24 MP: 11/14
  1704 | D:2      | Learned a level 3 spell: Conjure Flame
  2214 | D:3      | Learned a level 2 spell: Call Imp
  2586 | D:3      | Found a faded altar of an unknown god.
  2613 | D:3      | Became a worshipper of Elyvilon the Healer
  2613 | D:3      | Reached * piety under Elyvilon
  2724 | D:3      | Reached XP level 5. HP: 28/28 MP: 0/16
  3389 | D:4      | Reached skill level 7 in Spellcasting
  3677 | D:4      | Learned a level 2 spell: Sticks to Snakes
  3908 | D:5      | Entered Level 5 of the Dungeon
  4170 | D:5      | Reached ** piety under Elyvilon
  4243 | D:5      | Found a white marble altar of Elyvilon.
  4344 | D:5      | Noticed an ice beast
  4358 | D:5      | Killed an ice beast
  4358 | D:5      | Reached skill level 1 in Transmutations
  4358 | D:5      | Reached skill level 1 in Fire Magic
  4358 | D:5      | Reached XP level 6. HP: 32/32 MP: 0/18
  4963 | D:5      | Found a blossoming altar of Fedhas.
  4964 | D:5      | Found a shadowy altar of Dithmenos.
  5026 | D:5      | Noticed a sky beast
  5390 | D:4      | Killed a sky beast
  5390 | D:4      | Reached XP level 7. HP: 32/36 MP: 5/20
  5621 | D:4      | Reached skill level 8 in Spellcasting
  6058 | D:4      | Reached skill level 1 in Armour
  6283 | D:5      | Found a staircase to the Ecumenical Temple.
  6290 | Temple   | Entered the Ecumenical Temple
  6337 | Temple   | Reached *** piety under Elyvilon
  6804 | D:6      | Reached skill level 1 in Air Magic
  6883 | D:6      | Found Zammajak's Book Shoppe.
  6902 | D:6      | Found Arha's Food Shoppe.
  7116 | D:6      | Reached skill level 9 in Spellcasting
  7176 | D:6      | Found Qonli's Magic Scroll Emporium.
  7181 | D:6      | Bought a scroll of identify for 30 gold pieces
  7365 | D:6      | Found Naciskue's Assorted Antiques.
  7413 | D:6      | Found Viysikasch's General Store.
  7508 | D:6      | Found a basalt altar of Yredelemnul.
  7637 | D:6      | Noticed Edmund
  7770 | D:6      | Killed Edmund
  7770 | D:6      | Reached skill level 5 in Conjurations
  7770 | D:6      | Reached XP level 8. HP: 36/41 MP: 4/23
  7997 | D:7      | Noticed a moth of wrath
  8000 | D:7      | Found a bloodstained altar of Trog.
  8289 | D:7      | Killed from afar by an orc priest

Skill      XL: |  1  2  3  4  5  6  7 |
---------------+----------------------+-----
Spellcasting   | 5 6 7 9 |  9.7
Conjurations   | 2 3 5 |  5.2
Transmutations | 1 2 |  2.2
Fire Magic     | 1 |  1.2
Stealth        | 3 |  3.2
Translocations | 2 |  2.9
Armour         | 1 |  1.0
Air Magic      | 1 |  1.1
Dodging        | 3 |  3.0
Fighting       | |  0.2
Short Blades   | |  0.8
Summonings     | |  1.2
Poison Magic   | |  0.4
Invocations    | |  0.2

Action                   |  1- 3 |  4- 6 |  7- 9 || total
-------------------------+-------+-------+-------++-------
Melee: Unarmed           |     4 |       |       ||     4
       Dagger            |     3 |     5 |     1 ||     9
 Cast: Magic Dart        |   121 |   186 |   139 ||   446
       Blink             |     7 |    10 |     7 ||    24
       Mephitic Cloud    |     2 |     5 |     3 ||    10
       Repel Missiles    |     1 |     1 |       ||     2
       Call Imp          |       |     3 |       ||     3
       Conjure Flame     |       |    10 |    14 ||    24
       Sticks to Snakes  |       |    13 |     9 ||    22
Invok: Lesser Healing    |       |     1 |     1 ||     2
  Use: Potion            |     1 |       |       ||     1
       Scroll            |       |       |     4 ||     4
  Eat: Chunk             |     2 |     7 |     9 ||    18
       Bread ration      |       |     1 |       ||     1
Armor: Robe              |     3 |     3 |     3 ||     9
       Leather armour    |       |     6 |       ||     6
Dodge: Dodged            |    20 |    40 |     1 ||    61
       Deflected         |     1 |     3 |       ||     4
